AoeStats
← 虚弱

African Clearing

511078033Analyzed
4v4 RM · 5h ago on Oct 3, 2026· 42m 49s· 8 players
Game mode
Random Map
Map size
Large (8 player)
Population
200
Speed
Normal
Resources
Standard
Victory
Conquest
Starting age
Dark Age
Ending age
Imperial Age
RankedLock teamsTeams togetherTeam positionsShared explorationLock speedFull tech treeHidden civsTurbo modeCheats
Victory
Defeat
🇨🇳 Persians · China
1565
+13
🇨🇳 Japanese · China
1561
+13
🇨🇳 Magyars · China
1457
+17
🇨🇳 Berbers · China
1401
+20
🇪🇪 Gurjaras · Estonia
1557
-18
🇹🇷 Malay · Türkiye
1503
-16
🇬🇧 Hindustanis · United Kingdom
1475
-15
🇳🇱 Inca · Netherlands
1440
-14
Saruman
9:34 Loom
10:40 Loom
13:21 Feudal Age
16:22 Castle Age
14:43 Double-Bit Axe
30:06 Horse Collar
32:56 Forging
32:45 Pikeman
34:02 Fletching
35:54 Wheelbarrow
36:18 Squires
38:11 Iron Casting
39:05 Arson
39:17 Town Watch
39:48 Hand Cart
40:37 Heavy Plow
41:18 Bodkin Arrow
wagwan_son
4:17 Loom
15:53 Feudal Age
16:30 Man-at-Arms
19:46 Castle Age
17:45 Man-at-Arms
18:16 Double-Bit Axe
18:32 Horse Collar
25:36 Ballistics
30:46 Heavy Plow
33:29 Bow Saw
34:34 Wheelbarrow
39:12 Imperial Age
37:22 Scale Barding Armor
38:09 Bloodlines
38:24 Fletching
39:25 Hand Cart
39:59 Forging
41:48 Chain Barding Armor
41:16 Heavy Camel Rider
43:42 Plate Barding Armor
JustNobody
4:53 Loom
12:15 Feudal Age
16:54 Castle Age
17:34 Fletching
20:17 Double-Bit Axe
20:19 Horse Collar
27:22 Elite Skirmisher
28:24 Bodkin Arrow
TsuksEST
10:45 Loom
12:58 Feudal Age
16:31 Castle Age
28:42 Double-Bit Axe
33:37 Bloodlines
虚弱
11:08 Loom
13:17 Feudal Age
16:55 Castle Age
15:23 Double-Bit Axe
16:26 Town Watch
16:39 Horse Collar
17:08 Fletching
26:19 Bodkin Arrow
30:05 Wheelbarrow
34:34 Imperial Age
32:29 Padded Archer Armor
33:31 Bow Saw
34:15 Husbandry
34:26 Bloodlines
35:39 Conscription
35:31 Bracer
35:29 Stone Mining
36:28 Leather Archer Armor
36:22 Heavy Plow
36:14 Treadmill Crane
38:05 Ring Archer Armor
38:45 Parthian Tactics
38:26 Thumb Ring
40:31 Ballistics
41:11 Chemistry
40:34 Heavy Cavalry Archer
41:57 Hand Cart
42:04 Yasama
43:33 Two-Man Saw
42:31 Guard Tower
42:55 Arrowslits
时尚
8:50 Loom
12:01 Feudal Age
12:32 Double-Bit Axe
14:51 Scale Barding Armor
18:13 Bloodlines
25:22 Castle Age
23:51 Fletching
24:32 Padded Archer Armor
26:09 Bodkin Arrow
27:05 Husbandry
35:34 Horse Collar
40:58 Ballistics
40:57 Leather Archer Armor
40:44 Husbandry
肥肠拌面
4:16 Loom
13:48 Feudal Age
21:07 Castle Age
20:44 Double-Bit Axe
25:56 Husbandry
26:07 Bloodlines
[Fx、]AirDk
4:01 Loom
13:15 Feudal Age
18:44 Castle Age
21:07 Scale Barding Armor
24:25 Bloodlines
28:37 Devotion
30:12 Gold Mining
30:11 Double-Bit Axe
30:43 Gold Mining
31:12 Husbandry
32:23 Scale Barding Armor
34:25 Chain Barding Armor
35:11 Fletching
36:06 Bodkin Arrow
37:59 Padded Archer Armor
39:15 Wheelbarrow
42:28 Leather Archer Armor
Connection lost

Rejoining the realm…

Still unreachable

The connection could not be restored.

Session expired

The server has moved on; the page needs a fresh start.